AoeStats
← ĐẠI ĐÔ ĐỐC MẠNH ĐẠT

Arabia

516971432Analyzed
1v1 RM · 2d ago on Oct 28, 2026· 23m 3s· 2 players
Game mode
Random Map
Map size
Tiny (2 player)
Population
200
Speed
Normal
Resources
Standard
Victory
Conquest
Starting age
Dark Age
Ending age
Imperial Age
RankedLock teamsTeams togetherTeam positionsShared explorationLock speedFull tech treeHidden civsTurbo modeCheats
Victory
Defeat
🇫🇷 Japanese · France
2043
+5
vs
1739
-5
kitchiro
5:29 Loom
9:02 Feudal Age
9:17 Man-at-Arms
10:52 Double-Bit Axe
21:50 Castle Age
20:41 Bloodlines
20:39 Fletching
21:29 Padded Archer Armor
21:17 Horse Collar
22:31 Bodkin Arrow
ĐẠI ĐÔ ĐỐC MẠNH ĐẠT
6:12 Loom
9:01 Feudal Age
9:43 Double-Bit Axe
16:02 Fletching
16:38 Padded Archer Armor
19:48 Wheelbarrow
24:37 Castle Age
Connection lost

Rejoining the realm…

Still unreachable

The connection could not be restored.

Session expired

The server has moved on; the page needs a fresh start.